 Dungeon Crawl Stone Soup version 0.23.2 (webtiles) character file.

Game seed: 4297627124852391761

74 Cykl0x the Skirmisher (level 4, -1/40 HPs)
             Began as a Minotaur Fighter on Apr 2, 2019.
             Slain by a gnoll
             ... wielding a +0 whip
              (6 damage)
             ... on level 2 of the Dungeon.
             The game lasted 00:02:46 (836 turns).

Cykl0x the Skirmisher (Minotaur Fighter)             Turns: 836, Time: 00:02:46

Health: -1/40      AC:  7    Str: 22    XL:     4   Next: 10%
Magic:  3/3        EV:  8    Int:  5    God:
Gold:   45         SH: 11    Dex:  9    Spells: 3/3 levels left

rFire    . . .     SeeInvis .   a - +2 war axe
rCold    . . .     Gourm    .   c - +2 shield
rNeg     . . .     Faith    .   b - +0 scale mail
rPois    .         Spirit   .   (helmet restricted)
rElec    .         Reflect  .   (no cloak)
rCorr    .         Harm     .   (no gloves)
MR       .....                  (no boots)
Stlth    ..........             (no amulet)
HPRegen  0.13/turn              (no ring)
MPRegen  0.08/turn              (no ring)

@: lethally poisoned (-1 -> -2)
A: retaliatory headbutt, horns 2
a: no special abilities


You were on level 2 of the Dungeon.
You were not hungry.

You visited 1 branch of the dungeon, and saw 2 of its levels.

You collected 45 gold pieces.

Inventory:

Hand Weapons
 a - a +2 war axe (weapon)
Armour
 b - a +0 scale mail (worn)
 c - a +2 shield (worn)
Potions
 d - a potion of might
 e - a potion of brilliance {unknown}
 h - a potion of degeneration {unknown}
 i - 2 potions of lignification {unknown}
 j - a potion of mutation {unknown}
 k - a potion of curing {unknown}
Comestibles
 f - 2 rations
 g - 4 chunks of flesh


   Skills:
 + Level 4.1 Fighting
 * Level 3.7 Axes
 + Level 4.1 Armour
 * Level 1.3 Dodging
 + Level 4.1 Shields


You had 3 spell levels left.
You didn't know any spells.
Your spell library was empty.

Dungeon Overview and Level Annotations

Branches:
Dungeon (2/15)

Altars:
Gozag
Zin


Innate Abilities, Weirdness & Mutations

You reflexively headbutt those who attack you in melee.
You have a pair of horns on your head.


Message History

You are poisoned.
The adder poisons you!
You hit the adder.
You kill the adder!
You have reached level 4!
You feel stronger.
You feel sick. The gnoll hits you with a +0 whip.
You closely miss the gnoll.
You feel sick. You block the gnoll's attack.
You barely miss the gnoll. Your headbutt misses the gnoll.
The gnoll closely misses you. The gnoll hits you with a +0 whip!
* * * LOW HITPOINT WARNING * * *
Your shield and scale mail prevent you from hitting the gnoll.
You feel sick. You block the gnoll's attack.
You closely miss the gnoll. You headbutt the gnoll!
The gnoll is severely wounded.
The gnoll hits you but does no damage.
You barely miss the gnoll.
The gnoll is severely wounded.
You feel sick. The gnoll hits you with a +0 whip.
You die...

#.....g......#
#.....#.S....#
##g...#(w....#
.......#..w...#
.###...#...#### #...#...#
##..#...#### .
#..#......########.##
.####........wwg@.......#
.......#.####.g#######....
......>#.# #..# #
#.<....####..#######.# .
#.#................... .
#.#...........########
.##.#...........#
................#
....#...........#


You could see 2 worms, a gnoll and a hobgoblin.

Vanquished Creatures
  An adder (D:2)
  3 gnolls
  An ooze (D:1)
  A worm (D:2)
  A dart slug (D:2)
  3 leopard geckos
  2 bats
  A giant cockroach (D:1)
  2 goblins (D:1)
  2 hobgoblins (D:1)
  2 jackals (D:1)
  2 kobolds (D:2)
  2 frilled lizards
  4 rats (D:1)
27 creatures vanquished.

Notes
Turn   | Place    | Note
-------+----------+-------------------------------------------
     0 | D:1      | Cykl0x the Minotaur Fighter began the quest for the Orb.
     0 | D:1      | Reached XP level 1. HP: 19/19 MP: 0/0
   210 | D:1      | Reached XP level 2. HP: 27/27 MP: 1/1
   490 | D:1      | Reached XP level 3. HP: 29/33 MP: 2/2
   494 | D:1      | Reached skill level 1 in Dodging
   704 | D:2      | Found an opulent altar of Gozag.
   758 | D:2      | Found a glowing silver altar of Zin.
   831 | D:2      | Reached XP level 4. HP: 20/40 MP: 3/3
   836 | D:2      | Slain by a gnoll

Skill      XL: |  1  2  3 |
---------------+----------+-----
Axes           | 3 |  3.7
Dodging        | 1 |  1.3
Armour         | 4 |  4.1
Fighting       | 4 |  4.1
Shields        | 4 |  4.1

Action                   |  1- 3 |  4- 6 || total
-------------------------+-------+-------++-------
Melee: War axe           |    69 |     5 ||    74
       Headbutt          |     6 |     1 ||     7
  Use: Scroll            |     8 |       ||     8
Armor: Scale mail        |    44 |       ||    44
Dodge: Dodged            |    27 |     1 ||    28
Block: Shield            |    45 |     2 ||    47
